 Dungeon Crawl Stone Soup version 0.24-a0-439-g6dd8730de2 (webtiles) character file.

Game seed: 10971362789515749272

91621 confidenceinterval the Basher (level 16, -8/101 HPs)
             Began as a Gargoyle Fighter on June 17, 2019.
             Was the Champion of Okawaru.
             Mangled by Nessos the azure jelly (glowing shapeshifter) (22 damage)
             ... on level 15 of the Dungeon.
             The game lasted 01:02:59 (30709 turns).

confidenceinterval the Basher (Gargoyle Fighter)   Turns: 30709, Time: 01:03:00

Health: -8/101     AC: 28    Str: 21    XL:     16   Next: 3%
Magic:  0/24       EV: 19    Int: 18    God:    Okawaru [******]
Gold:   816        SH:  0    Dex: 12    Spells: 11/15 levels left

rFire    + . .     SeeInvis +   C - +4 great mace (flame)
rCold    . . .     Gourm    .   (shield currently unavailable)
rNeg     + . .     Faith    .   d - +2 ring mail {rF+}
rPois    ∞         Spirit   +   y - +1 helmet {Int+3}
rElec    +         Reflect  .   c - scarf {Spirit}
rCorr    .         Harm     .   q - +1 pair of gloves
MR       +....                  (no boots)
Stlth    ++........             p - amulet of rage
HPRegen  0.26/turn              r - ring of see invisible
MPRegen  0.19/turn              R - +3 ring of dexterity

@: heroism, flying, studying Transmutations
A: big wings, negative energy resistance 1, electricity resistance, unbreathing,
petrification resistance, rot immunity, AC +12
a: Stop Flying, Heroism, Finesse, Renounce Religion, Evoke Berserk Rage


You were on level 15 of the Dungeon.
You worshipped Okawaru.
Okawaru was exalted by your worship.
You were very hungry.

You visited 6 branches of the dungeon, and saw 26 of its levels.
You visited 1 bazaar.
You also visited: Gauntlet and Ice Cave.

You collected 2454 gold pieces.
You spent 1638 gold pieces at shops.

Inventory:

Hand Weapons
 i - the +6 dire flail "Migo" {antimagic, *Rage Dex+6}
   (Okawaru gifted it to you on level 14 of the Dungeon)

   It reduces the magical energy of the wielder, and disrupts the spells and
   magical abilities of those hit.
   Natural abilities and divine invocations are not affected.
   It affects your dexterity (+6).
   It may make you go berserk in combat.
 C - a +4 great mace of flaming (weapon)
 J - a +3 morningstar of freezing
 X - a +2 longbow of flaming
Missiles
 j - 51 poisoned darts (quivered)
 m - 190 bolts
 t - 371 arrows
 M - 6 silver javelins
Armour
 c - a scarf of spirit shield (worn)
 d - a +2 ring mail of fire resistance (worn)
 q - a +1 pair of gloves (worn)
 u - the +2 robe "Jushruubra" {Slay+3}
   (Okawaru gifted it to you on level 4 of the Lair of Beasts)

   It affects your accuracy and damage with ranged weapons and melee attacks
   (+3).
 y - a +1 helmet of intelligence (worn)
 B - a +3 chain mail of magic resistance
 L - a +2 plate armour of cold resistance
 N - a +2 chain mail of fire resistance
 Z - the +1 chain mail of Past Mistakes {MR+ rCorr Dex-3}
   (You found it on level 1 of the Lair of Beasts)

   It affects your dexterity (-3).
   It affects your resistance to hostile enchantments.
   It provides partial protection from all sources of acid and corrosion.
Jewellery
 a - an uncursed ring of ice
 n - an uncursed ring of protection from magic
 p - an amulet of rage (around neck)
 r - a ring of see invisible (left hand)
 K - an uncursed ring of protection from magic
 R - a +3 ring of dexterity (right hand)
 V - an uncursed ring of resist corrosion
Wands
 b - a wand of iceblast (40)
 v - a wand of digging (2)
 D - a wand of polymorph (9)
 E - a wand of acid (24)
 F - a wand of flame (29)
 Q - a wand of disintegration (9)
 U - a wand of paralysis (17)
Scrolls
 g - 14 scrolls of teleportation
 o - 5 scrolls of blinking
 s - 4 scrolls of identify
 x - a scroll of remove curse
 G - 2 scrolls of fog
 H - a scroll of silence
 W - 4 scrolls of enchant weapon
Potions
 e - 3 potions of resistance
 h - a potion of mutation
 k - a potion of cancellation
 l - 10 potions of curing
 A - 6 potions of haste
Books
 S - a manual of Transmutations
Miscellaneous
 O - 2 sacks of spiders
 P - a box of beasts
Comestibles
 f - 44 rations


   Skills:
 - Level 12.0(17.0) Fighting
 - Level 14.3(19.3) Maces & Flails
 - Level 13.3(18.3) Armour
 * Level 10.1(15.1) Dodging
   Level 3.2(8.2) Shields
 - Level 11.8 Earth Magic
 - Level 10.7 Invocations
 - Level 0.4 Evocations


You had 11 spell levels left.
You knew the following spells:

 Your Spells              Type           Power        Failure   Level  Hunger
a - Leda's Liquefaction   Hex/Erth       ###.......   26%         4    #####..

Your spell library contained the following spells:

 Spells                   Type           Power        Failure   Level  Hunger
 Petrify                  Tmut/Erth      ###.....     26%         4    #####..
 Animate Skeleton         Necr           N/A          30%         1    ##.....
 Beastly Appendage        Tmut           #.....       30%         1    ##.....
 Confusing Touch          Hex            #.....       30%         1    ##.....
 Flame Tongue             Conj/Fire      #....        30%         1    ##.....
 Freeze                   Ice            #...         30%         1    ##.....
 Infusion                 Chrm           #...         30%         1    ##.....
 Magic Dart               Conj           #...         30%         1    ##.....
 Pain                     Necr           #...         30%         1    ##.....
 Blink                    Tloc           N/A          41%         2    ###....
 Call Imp                 Summ           #.......     41%         2    ###....
 Shroud of Golubria       Chrm/Tloc      #.....       41%         2    ###....
 Slow                     Hex            #.......     41%         2    ###....
 Song of Slaying          Chrm           #.......     41%         2    ###....
 Sticks to Snakes         Tmut           #.......     41%         2    ###....
 Throw Flame              Conj/Fire      #.....       41%         2    ###....
 Throw Frost              Conj/Ice       #.....       41%         2    ###....
 Confuse                  Hex            #.......     65%         3    ####...
 Conjure Flame            Conj/Fire      #.......     65%         3    ####...
 Gell's Gravitas          Tloc           #.........   65%         3    ####...
 Ignite Poison            Fire/Tmut/Pois #.......     65%         3    ####...
 Inner Flame              Hex/Fire       #.......     65%         3    ####...
 Mephitic Cloud           Conj/Pois/Air  #.......     65%         3    ####...
 Ozocubu's Armour         Chrm/Ice       #.......     65%         3    ####...
 Regeneration             Chrm/Necr      #.........   65%         3    ####...
 Spectral Weapon          Hex/Chrm       #.......     65%         3    ####...
 Spider Form              Tmut/Pois      #.........   65%         3    ####...
 Vampiric Draining        Necr           #.........   65%         3    ####...
 Bolt of Magma            Conj/Fire/Erth ##........   86%         5    ######.
 Animate Dead             Necr           N/A          96%         4    #####..
 Ice Form                 Ice/Tmut       #.......     96%         4    #####..
 Sticky Flame             Conj/Fire      #.......     96%         4    #####..
 Summon Ice Beast         Ice/Summ       #.......     96%         4    #####..
 Throw Icicle             Conj/Ice       #.......     96%         4    #####..
 Iron Shot                Conj/Erth      ###.......   99%         6    #######
 Blade Hands              Tmut           #.........   100%        5    ######.
 Fireball                 Conj/Fire      #.........   100%        5    ######.
 Irradiate                Conj/Tmut      #.........   100%        5    ######.
 Metabolic Englaciation   Hex/Ice        #.........   100%        5    ######.
 Yara's Violent Unravell  Hex/Tmut       #.........   100%        5    ######.
 Bolt of Fire             Conj/Fire      #.........   100%        6    #######
 Hydra Form               Tmut           #.........   100%        6    #######
 Dragon Form              Tmut           #.........   100%        7    #######
 Ring of Flames           Chrm/Fire      #.........   100%        7    #######
 Ignition                 Fire           #.........   100%        8    #######
 Shatter                  Erth           #####.....   100%        9    #######
 Statue Form              Tmut/Erth      Unusable     N/A         6    N/A

Dungeon Overview and Level Annotations

Branches:
Dungeon (15/15)            Temple (1/1) D:5            Lair (6/6) D:9
 Shoals (1/4) Lair:4        Snake (0/4) Lair:4        Slime (0/5) Lair:5
    Orc (2/2) D:9             Elf (1/3) Orc:2        Vaults (0/5) D:13
 Depths: D:15

Altars:
Ashenzari
Cheibriados
Dithmenos
Elyvilon
Fedhas
Gozag
Hepliaklqana
Kikubaaqudgha
Makhleb
Nemelex Xobeh
Okawaru
Qazlal
Ru
Sif Muna
Trog
Uskayaw
Vehumet
Wu Jian
Xom
Yredelemnul
Zin
The Shining One

Shops:
D:4 (   D:11 !*}!   D:13 *   Orc:2 }}(!

Portals:
Trove: D:12 (give +6 demon blade)

Annotations:
D:15 Agnes; Nessos
Lair:3 3 runed translucent doors, Xol Empe's ghost, journeyman DsFi


Innate Abilities, Weirdness & Mutations

You are resistant to torment.
Your stone body is resilient. (AC +12)
You are immune to poison.
Your large and strong wings let you fly indefinitely.
You resist negative energy. (rN+)
You are resistant to electric shocks. (rElec)
You can survive without breathing.
You are immune to petrification.
You are immune to rotting.


Message History

Nessos hits you!
* * * LOW HITPOINT WARNING * * *
Nessos gores you but does no damage.
You gain the combat prowess of a mighty hero.
Nessos closely misses you. Nessos gores you!
* * * LOW HITPOINT WARNING * * *
You feel better.
Nessos the minotaur changes into an azure jelly!
You hit Nessos. You burn Nessos.
Nessos is lightly wounded.
You sock Nessos! You burn Nessos.
Nessos is moderately wounded.
Nessos barely misses you. Nessos misses you.
Nessos hits you but does no damage. x2
You barely miss Nessos.
Nessos is moderately wounded.
Nessos hits you but does no damage. Nessos hits you.
* * * LOW HITPOINT WARNING * * *
Nessos freezes you!!
You die...

#.#.. .... ... # ##
..# .# ###.# ####
..##...
#....##..##...)...
##...#...........
#......#(J.......
##.....Z#@#.......
#.......###.......
##......# .......
#.#....# .....C.
..##....###.......
...........#.......
#..................
................
.........##.....


You could see Nessos the azure jelly shaped shifter.

Vanquished Creatures
  An ironheart preserver (D:13)
  A minotaur (Gauntlet)
  6 dire elephants (Lair:6)
  Josephine (Lair:4)
  3 hydras
  9 two-headed ogres
  An anaconda (Lair:6)
  10 death yaks
  2 ogre magi
  A centaur warrior (D:13)
  5 orc high priests (Orc:2)
  A sixfirhy (Gauntlet)
  An unseen horror (D:14)
  6 orc knights
  4 deep elf magi
  A manticore (D:11)
  A cyclops (shapeshifter) (D:13)
  A wolf spider zombie (D:12)
  6 ugly things
  7 slime creatures
  4 oklob plants (Lair:4)
  3 cyclopes
  15 elephants
  2 black mambas (shapeshifter) (D:14)
  6 black mambas
  2 ice statues (IceCv)
  11 spiny frogs
  A torpor snail (Lair:5)
  5 komodo dragons
  An efreet (D:14)
  A kobold demonologist (D:14)
  An ice devil (Gauntlet)
  2 guardian mummies (D:12)
  A tengu conjurer (D:11)
  A merfolk (D:10)
  3 polar bears
  2 trolls
  3 blink frogs (Lair:5)
  5 hornets
  10 dream sheep
  7 hippogriffs
  Sigmund (D:5)
  5 wraiths
  5 shadows
  2 vampires
  3 wyverns
  43 yaks
  2 basilisks
  2 hungry ghosts
  6 vampire mosquitoes
  9 wargs
  8 water moccasins
  An acid dragon (D:12)
  2 nagas (Lair:4)
  6 porcupines
  A swamp drake (Orc:1)
  11 ice beasts
  4 sky beasts
  5 eyes of draining
  37 orc warriors
  A necrophage (D:11)
  A hornet zombie (D:13)
  A black bear (D:9)
  2 phantoms
  6 small abominations (Gauntlet)
  15 ogres
  5 centaurs
  17 wolves
  14 crocodiles
  2 big kobolds
  23 bullfrogs
  Blork the orc (Orc:1)
  A gnoll sergeant (D:10)
  A wyvern zombie (D:9)
  4 wyvern skeletons
  5 scorpions
  6 killer bees (D:12)
  7 wights
  10 howler monkeys
  An electric eel (Lair:4)
  5 centaur zombies
  10 crimson imps
  2 bullfrog zombies
  An iron imp (Orc:1)
  3 bullfrog skeletons
  7 hounds
  4 jellies
  16 orc wizards
  5 centaur skeletons
  A gnoll shaman (D:8)
  25 orc priests
  7 iguanas
  Ijyb (D:5)
  9 worker ants
  3 hound skeletons
  A worker ant zombie (D:8)
  A howler monkey zombie (D:7)
  A howler monkey skeleton (D:10)
  15 adders
  15 gnolls
  9 shadow imps
  6 white imps
  7 ufetubi
  5 oozes
  3 adder zombies
  2 worms
  2 dart slugs (D:2)
  11 leopard geckos
  72 orcs
  4 bats
  6 giant cockroaches
  9 goblins
  6 hobgoblins
  14 jackals
  6 quokkas
  4 frilled lizards
  14 kobolds
  A leopard gecko skeleton (D:4)
  A quokka skeleton (D:4)
  7 rats
  A plant (Lair:4)
752 creatures vanquished.

Vanquished Creatures (others)
  2 orcs
  14 fungi
  14 plants
  A withered plant (D:15)
31 creatures vanquished.

Grand Total: 783 creatures vanquished

Notes
Turn   | Place    | Note
-------+----------+-------------------------------------------
     0 | D:1      | confidenceinterval the Gargoyle Fighter began the quest for
                  | the Orb.
     0 | D:1      | Reached XP level 1. HP: 14/14 MP: 1/1
   140 | D:1      | Reached XP level 2. HP: 14/20 MP: 2/2
   586 | D:1      | Reached XP level 3. HP: 24/24 MP: 3/3
  1347 | D:2      | Reached skill level 5 in Fighting
  1551 | D:2      | Reached XP level 4. HP: 31/31 MP: 4/4
  1757 | D:2      | Found a white marble altar of Elyvilon.
  2157 | D:3      | Found an opulent altar of Gozag.
  2439 | D:3      | Reached XP level 5. HP: 35/36 MP: 5/5
  2950 | D:3      | Noticed an ogre
  2960 | D:3      | Killed an ogre
  2960 | D:3      | Reached XP level 6. HP: 44/44 MP: 6/6
  3380 | D:4      | Found Obooc's Weapon Emporium.
  3796 | D:3      | Reached XP level 7. HP: 28/50 MP: 7/7
  4395 | D:5      | Entered Level 5 of the Dungeon
  4395 | D:5      | Noticed Sigmund
  4469 | D:5      | Found a staircase to the Ecumenical Temple.
  4483 | Temple   | Entered the Ecumenical Temple
  4776 | D:5      | Killed Sigmund
  4776 | D:5      | Reached skill level 10 in Fighting
  4833 | D:5      | Reached XP level 8. HP: 25/57 MP: 8/8
  5343 | D:5      | Noticed Ijyb
  5370 | D:5      | Killed Ijyb
  6107 | D:6      | Reached XP level 9. HP: 63/65 MP: 9/9
  6170 | D:6      | Reached skill level 3 in Maces & Flails
  6372 | D:7      | Reached skill level 4 in Maces & Flails
  6625 | D:7      | Reached skill level 5 in Maces & Flails
  6999 | D:7      | Reached skill level 6 in Maces & Flails
  7275 | D:8      | Reached skill level 7 in Maces & Flails
  7525 | D:8      | Reached skill level 8 in Maces & Flails
  7996 | D:8      | Reached XP level 10. HP: 62/71 MP: 10/10
  8090 | D:8      | Reached skill level 9 in Maces & Flails
  8227 | D:9      | Found a staircase to the Orcish Mines.
  8532 | D:8      | Reached skill level 10 in Maces & Flails
  8881 | D:9      | Reached skill level 11 in Maces & Flails
  9401 | D:9      | Found a sacrificial altar of Ru.
  9472 | D:9      | Found a snail-covered altar of Cheibriados.
  9472 | D:9      | Found an iron altar of Okawaru.
  9472 | D:9      | Noticed a two-headed ogre
  9485 | D:9      | Killed a two-headed ogre
  9497 | D:9      | Became a worshipper of Warmaster Okawaru
  9887 | D:9      | Found a staircase to the Lair.
 10176 | D:10     | Entered Level 10 of the Dungeon
 10308 | D:10     | Reached XP level 11. HP: 76/76 MP: 11/11
 10352 | D:10     | Reached skill level 5 in Armour
 10365 | D:10     | Reached * piety under Okawaru
 10469 | D:10     | Noticed a two-headed ogre
 10508 | D:10     | Killed a two-headed ogre
 10861 | D:10     | Noticed an ogre mage
 10871 | D:10     | Killed an ogre mage
 10871 | D:10     | Reached ** piety under Okawaru
 10871 | D:10     | Reached skill level 1 in Invocations
 10978 | D:10     | Noticed a two-headed ogre
 10994 | D:10     | Killed a two-headed ogre
 11432 | D:11     | Found Seatog's Distillery.
 11444 | D:11     | Found a frozen archway.
 11452 | IceCv    | Entered an ice cave
 11452 | IceCv    | Noticed a white ugly thing
 11465 | IceCv    | Killed a white ugly thing
 11508 | IceCv    | Found a transporter.
 11528 | IceCv    | Noticed a white ugly thing
 11530 | IceCv    | Found a transporter.
 11544 | IceCv    | Reached *** piety under Okawaru
 11556 | IceCv    | HP: 3/76 [white ugly thing (13)]
 11569 | IceCv    | Killed a white ugly thing
 11808 | D:11     | Reached skill level 10 in Armour
 11836 | D:11     | Reached XP level 12. HP: 74/81 MP: 15/15
 11842 | D:11     | Learned a level 4 spell: Leda's Liquefaction
 11901 | D:11     | Reached **** piety under Okawaru
 11901 | D:11     | Reached skill level 1 in Earth Magic
 11967 | D:11     | Noticed a two-headed ogre
 11991 | D:11     | Killed a two-headed ogre
 11991 | D:11     | Reached skill level 5 in Invocations
 12160 | D:11     | Found Uskyusux's Distillery.
 12194 | D:11     | Found a basalt altar of Yredelemnul.
 12200 | D:11     | Found Misof's Gadget Shop.
 12528 | D:11     | Found Soupt's Assorted Antiques.
 12536 | D:11     | Bought a silvery potion for 29 gold pieces
 12536 | D:11     | Bought a coppery potion for 29 gold pieces
 13329 | D:12     | Noticed a two-headed ogre
 13339 | D:12     | Killed a two-headed ogre
 13374 | D:12     | Reached ***** piety under Okawaru
 14186 | D:12     | Received a gift from Okawaru
 14520 | D:12     | Reached skill level 12 in Maces & Flails
 14683 | D:12     | Reached XP level 13. HP: 86/86 MP: 17/17
 14837 | D:12     | Found a portal to a secret trove of treasure.
 15374 | D:13     | Found Upry's General Store.
 15460 | D:13     | Found a gate leading to a gauntlet.
 15505 | Gauntlet | Entered a Gauntlet
 15505 | Gauntlet | Found a transporter.
 15505 | Gauntlet | Found a transporter.
 15508 | Gauntlet | Found a transporter.
 15508 | Gauntlet | Found a transporter.
 15511 | Gauntlet | Found a transporter.
 15526 | Gauntlet | Found a transporter.
 15527 | Gauntlet | Found a transporter.
 15586 | Gauntlet | Found a transporter.
 15596 | Gauntlet | Found a transporter.
 15611 | Gauntlet | Found a transporter.
 15623 | Gauntlet | Found a transporter.
 15636 | Gauntlet | Found a transporter.
 15726 | Gauntlet | Reached skill level 13 in Maces & Flails
 16242 | Gauntlet | Received a gift from Okawaru
 16292 | Gauntlet | Noticed a minotaur
 16302 | Gauntlet | Killed a minotaur
 16302 | Gauntlet | Reached skill level 5 in Earth Magic
 16311 | Gauntlet | Got a bloodstained flail
 16312 | Gauntlet | Identified the +3 flail "Kiaggow" {elec, *Corrode Str+3
                  | Int+2 Dex+7} (You found it in a Gauntlet)
 16704 | D:13     | Noticed an ironheart preserver
 16705 | D:13     | Found a gate to the Vaults.
 16732 | D:13     | Killed an ironheart preserver
 16799 | D:13     | Reached skill level 14 in Maces & Flails
 17277 | D:14     | Received a gift from Okawaru
 17567 | D:14     | Noticed an ogre mage
 17582 | D:14     | Killed an ogre mage
 17964 | D:14     | Gained mutation: Your large and strong wings let you fly
                  | indefinitely. [Gargoyle growth]
 17964 | D:14     | Reached XP level 14. HP: 61/92 MP: 10/20
 18395 | D:14     | Received a gift from Okawaru
 18400 | D:14     | Got a transparent dire flail {god gift}
 18401 | D:14     | Identified the +6 dire flail "Migo" {antimagic, *Rage
                  | Dex+6} (Okawaru gifted it to you on level 14 of the
                  | Dungeon)
 18692 | Lair:1   | Entered Level 1 of the Lair of Beasts
 19142 | Lair:1   | Got a bloodstained chain mail
 19153 | Lair:1   | Identified the cursed +1 chain mail of Past Mistakes {MR+
                  | rCorr Dex-3} (You found it on level 1 of the Lair of
                  | Beasts)
 19910 | Lair:3   | Found a runed translucent gate.
 19910 | Lair:3   | Found a runed translucent gate.
 19910 | Lair:3   | Found a runed translucent gate.
 19923 | Lair:3   | Noticed Xol Empe's ghost (journeyman DsFi)
 20941 | Lair:4   | Found a staircase to the Shoals.
 20968 | Shoals:1 | Entered Level 1 of the Shoals
 20996 | Lair:4   | Reached skill level 10 in Invocations
 21113 | Lair:4   | Reached ****** piety under Okawaru
 21131 | Lair:4   | Found a staircase to the Snake Pit.
 21136 | Lair:4   | Reached skill level 10 in Earth Magic
 21149 | Lair:4   | Received a gift from Okawaru
 21154 | Lair:4   | Noticed Josephine
 21194 | Lair:4   | Killed Josephine
 21277 | Lair:4   | Identified the +2 robe "Jushruubra" {Slay+3} (Okawaru
                  | gifted it to you on level 4 of the Lair of Beasts)
 21723 | Lair:4   | Reached skill level 1 in Dodging
 22723 | Lair:5   | Found a staircase to the Slime Pits.
 23104 | Lair:5   | Reached XP level 15. HP: 36/96 MP: 9/23
 23670 | Lair:5   | Reached skill level 5 in Dodging
 24316 | Lair:5   | You are sucked into a shaft and drop 1 floor!
 24316 | Lair:6   | Entered Level 6 of the Lair of Beasts
 24470 | Lair:6   | Received a gift from Okawaru
 26524 | Lair:6   | Identified the +3 broad axe "Illyden" {drain, rElec rPois
                  | rN+ Dex-5} (You found it on level 6 of the Lair of Beasts)
 26721 | Orc:1    | Entered Level 1 of the Orcish Mines
 26928 | Orc:1    | Noticed Blork the orc
 26933 | Orc:1    | Killed Blork the orc
 27338 | Orc:2    | Entered Level 2 of the Orcish Mines
 27338 | Orc:2    | Found a staircase to the Elven Halls.
 29998 | Orc:2    | Reached XP level 16. HP: 79/101 MP: 20/24
 30084 | Orc:2    | Found Seduphy's Gadget Boutique.
 30085 | Orc:2    | Found Fapn's Antique Weapon Shop.
 30085 | Orc:2    | Found Miss's Gadget Boutique.
 30086 | Orc:2    | Found Elloijuwan's Distillery.
 30093 | Orc:2    | Bought a smoking great mace for 299 gold pieces
 30210 | Elf:1    | Entered Level 1 of the Elven Halls
 30219 | Elf:1    | Found a flickering gateway to a bazaar.
 30225 | Elf:1    | Identified the cursed +1 great mace "Foaculah" {freeze, rF-
                  | MR+ Dex+4} (You bought it in a shop on level 2 of the
                  | Orcish Mines)
 30227 | Bazaar   | Entered a bazaar
 30227 | Bazaar   | Found Witwem's Weapon Emporium.
 30227 | Bazaar   | Found Fyub's Book Emporium.
 30236 | Bazaar   | Found Poawatt's Assorted Antiques.
 30245 | Bazaar   | Found Volaolutag's Assorted Antiques.
 30255 | Bazaar   | Found Guc Vuk's Food Emporium.
 30330 | Bazaar   | Bought a scroll of identify for 48 gold pieces
 30330 | Bazaar   | Bought a fine pewter ring for 120 gold pieces
 30330 | Bazaar   | Bought a scroll of identify for 48 gold pieces
 30330 | Bazaar   | Bought a scroll labeled VAESEU FOTE for 24 gold pieces
 30330 | Bazaar   | Bought a bubbling ruby potion for 21 gold pieces
 30332 | Bazaar   | Identified the ring "Fiovun" {+Fly Str+2} (You bought it in
                  | a shop in a bazaar)
 30344 | Bazaar   | Bought a papyrus book for 375 gold pieces
 30344 | Bazaar   | Bought a scroll of teleportation for 75 gold pieces
 30344 | Bazaar   | Bought a scroll of remove curse for 75 gold pieces
 30466 | Elf:1    | Reached skill level 10 in Dodging
 30575 | D:11     | Bought a paperback book for 495 gold pieces
 30624 | D:15     | Entered Level 15 of the Dungeon
 30624 | D:15     | Noticed Agnes
 30637 | D:15     | Found a shadowy altar of Dithmenos.
 30663 | D:15     | Received a gift from Okawaru
 30690 | D:15     | Noticed Nessos
 30695 | D:15     | Noticed Nessos
 30695 | D:15     | Nessos changed into Nessos the glowing shapeshifter
 30696 | D:15     | Noticed Nessos
 30696 | D:15     | Nessos the glowing shapeshifter changed into Nessos the
                  | merfolk
 30697 | D:15     | Noticed Nessos
 30697 | D:15     | Nessos the merfolk changed into Nessos the four-headed
                  | hydra
 30699 | D:15     | Noticed Nessos
 30699 | D:15     | Nessos the four-headed hydra changed into Nessos the
                  | minotaur
 30706 | D:15     | Noticed Nessos
 30706 | D:15     | Nessos the minotaur changed into Nessos the azure jelly
 30709 | D:15     | Mangled by Nessos the azure jelly (glowing shapeshifter)

Levels and vault maps discovered:
D:1:      doesnt_arrival_eight_statues, layout_basic, hex_tiny
D:2:      layout_loops_corners, old_standard_altar, first_ration
D:3:      layout_basic, nicolae_gozag_cash_rules_everything_around_me
D:4:      layout_rooms, serial_shops, shop
D:5:      layout_loops_cross, minmay_temple_entry_ruins,
          minmay_fractal_squares_gapless_5, uniq_sigmund, uniq_ijyb
D:6:      layout_loops_ring
D:7:      layout_loops_ring
D:8:      layout_loops_ring
D:9:      minmay_spotlight, layout_cross, amethyst_overflow_temple_binary,
          grunt_lair_entry_orc_guard_hut, minmay_orc_entry_guard_dogs,
          nicolae_ru_awakened_eye
D:10:     minmay_blocky_corners, layout_loops_ring, hangedman_fish_farm
D:11:     layout_grid_maze, serial_ice, serial_ice_g, serial_ice_k,
          serial_ice_e, serial_ice_h, portal_ice_cave_entry_pillars_1,
          serial_shops, nicolae_shop_waterfront, shop_statue,
          nicolae_shop_trees, nicolae_shop_behind_doors,
          yredelemnul_altar_generic
D:12:     layout_loops_corners, nicolae_trove_entry_path_of_doom
D:13:     layout_basic, skrybe_vaults_entry_preservation,
          gauntlet_entry_generic, serial_shops, shop_fountains
D:14:     layout_roguey, minmay_misc_feat_tower
D:15:     gammafunk_depths_entry_grave, layout_cave_pools,
          nicolae_dithmenos_through_a_glass_darkly, uniq_agnes, uniq_nessos
Temple:   regret_index_temple_mists
Lair:1:   layout_cave_shapes
Lair:2:   layout_roguey, lemuel_another_geyser
Lair:3:   layout_layer_cave, maelrawn_ghost_gauntlet_escape, lemuel_fruit_tree,
          infiniplex_staircase_pool_2
Lair:4:   layout_regular_city, shoals_dummy_entry, guppyfry_snake_entry_island,
          infiniplex_staircase_pool, grunt_megastairs_1, serial_bayou_shore_b,
          minmay_lair_oklob_chamber, lemuel_fruit_fields, uniq_josephine
Lair:5:   layout_roguey, nicolae_slime_entry_slimehenge, grunt_megastairs_3
Lair:6:   due_jungle_book, layout_regular_city
Shoals:1: layout_shoals, nicolae_shoals_water_shrine
Orc:1:    layout_caves, hangedman_minor_magic
Orc:2:    st_orc_pillars, layout_caves
Elf:1:    kennysheep_ambush_hall, layout_onion_city, serial_shops,
          bzr_entry_road, evilmike_minifort

Skill      XL: |  1  2  3  4  5  6  7  8  9 10 11 12 13 14 15 16 |
---------------+-------------------------------------------------+-----
Fighting       | 4 5 6 7 8 10 12 | 12.0
Maces & Flails | 8 11 12 14 | 14.3
Armour         | 4 10 13 | 13.3
Invocations    | 4 6 8 10 | 10.7
Earth Magic    | 4 7 11 | 11.8
Dodging        | 3 9 10 | 10.1
Shields        | |  3.2
Evocations     | |  0.4

Action                   |  1- 3 |  4- 6 |  7- 9 | 10-12 | 13-15 | 16-18 || total
-------------------------+-------+-------+-------+-------+-------+-------++-------
Melee: Flail             |   108 |   262 |   462 |    72 |    16 |       ||   920
       Morningstar       |       |       |       |   738 |       |       ||   738
       Great mace        |       |       |       |    44 |  1357 |    41 ||  1442
       Dire flail        |       |       |       |       |    38 |       ||    38
Throw: Dart              |       |       |       |    29 |       |       ||    29
Invok: Heroism           |       |       |       |     4 |    13 |     1 ||    18
       Finesse           |       |       |       |       |     1 |       ||     1
 Abil: Evoke Berserk Rag |       |     1 |     3 |     3 |       |       ||     7
       Fly               |       |       |       |       |     1 |       ||     1
Evoke: Wand              |       |       |       |       |     1 |     3 ||     4
  Use: Scroll            |     4 |     5 |    11 |     8 |    11 |     7 ||    46
       Potion            |       |       |       |     2 |       |     2 ||     4
  Eat: Chunk             |     2 |     5 |    17 |    23 |    41 |     1 ||    89
       Ration            |       |     1 |     1 |     1 |     3 |       ||     6
Armor: Scale mail        |    72 |   208 |    57 |       |       |       ||   337
       Plate armour      |       |       |   307 |   645 |   421 |       ||  1373
       Chain mail        |       |       |       |       |   184 |       ||   184
       Robe              |       |       |       |       |   207 |       ||   207
       Ring mail         |       |       |       |       |   234 |    30 ||   264
Dodge: Dodged            |    31 |   123 |    67 |   142 |   846 |    36 ||  1245
Block: Shield            |    60 |   178 |   191 |   341 |       |       ||   770

Table legend:
 A = Non-vault XP
 B = Vault XP
 C = Vault XP percentage of total XP
 D = Non-vault monster count
 E = Vault monster count
 F = Vault count percentage of total count
                 A         B        C        D         E       F
            +---------+---------+-------+---------+---------+-------
      Total |   91082 |   39806 |  30.4 |     555 |     196 |  26.1
            +---------+---------+-------+---------+---------+-------
        D:1 |      35 |       0 |   0.0 |      16 |       0 |   0.0
        D:2 |      90 |       0 |   0.0 |      30 |       0 |   0.0
        D:3 |     448 |       0 |   0.0 |      35 |       0 |   0.0
        D:4 |     325 |       0 |   0.0 |      12 |       0 |   0.0
        D:5 |     568 |     358 |  38.7 |      12 |       5 |  29.4
        D:6 |     647 |       0 |   0.0 |      14 |       0 |   0.0
        D:7 |     909 |       0 |   0.0 |      16 |       0 |   0.0
        D:8 |    1727 |     174 |   9.2 |      27 |       2 |   6.9
        D:9 |    2392 |    1212 |  33.6 |      24 |       9 |  27.3
       D:10 |    3780 |    1629 |  30.1 |      33 |       6 |  15.4
       D:11 |    5762 |    1142 |  16.5 |      39 |      11 |  22.0
       D:12 |    8745 |     677 |   7.2 |      59 |       2 |   3.3
       D:13 |    6972 |    3136 |  31.0 |      32 |       9 |  22.0
       D:14 |   10653 |       0 |   0.0 |      30 |       0 |   0.0
       D:15 |    1354 |       0 |   0.0 |       6 |       0 |   0.0
     Lair:1 |    1814 |       0 |   0.0 |      14 |       0 |   0.0
     Lair:2 |    2154 |       0 |   0.0 |       6 |       0 |   0.0
     Lair:3 |    5077 |       0 |   0.0 |      26 |       0 |   0.0
     Lair:4 |   11298 |    5166 |  31.4 |      31 |      15 |  32.6
     Lair:5 |   11453 |    3917 |  25.5 |      30 |      17 |  36.2
     Lair:6 |   11680 |    2746 |  19.0 |      23 |       5 |  17.9
      Orc:1 |     953 |    1853 |  66.0 |      16 |      19 |  54.3
      Orc:2 |    1711 |   10873 |  86.4 |      23 |      68 |  74.7
      Elf:1 |     535 |       0 |   0.0 |       1 |       0 |   0.0
      IceCv |       0 |    2744 | 100.0 |       0 |      10 | 100.0
   Gauntlet |       0 |    4179 | 100.0 |       0 |      18 | 100.0
            +---------+---------+-------+---------+---------+-------
